IL
LEHIGH VALLEY IRONPIGS @ INDIANAPOLIS INDIANS
08/02/2098
 
TOP OF THE 1ST
Lehigh Valley IronPigs batting - Pitching for Indianapolis Indians : RHP Edgar Colorado
Pitching: RHP Edgar Colorado
Batting: LHB Francisco Castillo 0-0: Called Strike
0-1: Foul Ball, location: 25FF
0-2: Ball
1-2: Fly out, F8 (Flyball, 8RXD, EV 76.9 MPH)
Batting: RHB Mike Hadley 0-0: Ball
1-0: Ball
2-0: Ball
3-0: Called Strike
3-1: Ground out U3 (Groundball, 34, EV 86.3 MPH)
Batting: RHB Ricardo Ortiz 0-0: Swinging Strike
0-1: Called Strike
0-2: Ball
1-2: Foul Ball, location: 2F
1-2: Strikes out swinging
Top of the 1st over - 0 runs, 0 hits, 0 errors, 0 left on base; Lehigh Valley 0 - Indianapolis 0
BOTTOM OF THE 1ST
Indianapolis Indians batting - Pitching for Lehigh Valley IronPigs : LHP Roberto Arevalo
Pitching: LHP Roberto Arevalo
Batting: LHB Phil Samsa 0-0: Ball
1-0: Ball
2-0: Fly out, F9 (Flyball, 9D, EV 107.5 MPH)
Batting: RHB Kevin Wallace 0-0: Ball
1-0: Ball
2-0: Called Strike
2-1: Foul Ball, location: 2F
2-2: Strikes out looking
Batting: RHB Mike Mellor 0-0: Called Strike
0-1: SOLO HOME RUN (Flyball, 89XD, EV 108.8 MPH), Distance : 414 ft
Batting: LHB Travis Hicks 0-0: Swinging Strike
0-1: Ball
1-1: Swinging Strike
1-2: Strikes out swinging
Bottom of the 1st over - 1 run, 1 hit, 0 errors, 0 left on base; Lehigh Valley 0 - Indianapolis 1
TOP OF THE 2ND
Lehigh Valley IronPigs batting - Pitching for Indianapolis Indians : RHP Edgar Colorado
Batting: LHB Chris Gaughan 0-0: Called Strike
0-1: Swinging Strike
0-2: Strikes out looking
Batting: RHB Dan Blackburn 0-0: Called Strike
0-1: Ball
1-1: Foul Ball, location: 9LSF
1-2: Strikes out swinging
Batting: LHB Ryan McBride 0-0: Ball
1-0: Ground out 4-3 (Groundball, 4, EV 84.4 MPH)
Top of the 2nd over - 0 runs, 0 hits, 0 errors, 0 left on base; Lehigh Valley 0 - Indianapolis 1
BOTTOM OF THE 2ND
Indianapolis Indians batting - Pitching for Lehigh Valley IronPigs : LHP Roberto Arevalo
Batting: RHB Santos Vazquez 0-0: Ball
1-0: Called Strike
1-1: Ball
2-1: Ball
3-1: Fly out, F8 (Flyball, 8LXD, EV 95.6 MPH)
Batting: RHB Carlos Cabal 0-0: Ground out 6-3 (Groundball, 6, EV 86.9 MPH)
Batting: RHB Miguel Medina 0-0: Fly out, F7 (Flyball, 7S, EV 77.5 MPH)
Bottom of the 2nd over - 0 runs, 0 hits, 0 errors, 0 left on base; Lehigh Valley 0 - Indianapolis 1
TOP OF THE 3RD
Lehigh Valley IronPigs batting - Pitching for Indianapolis Indians : RHP Edgar Colorado
Batting: RHB Jiao-long Xue 0-0: Ball
1-0: Ball
2-0: Ground out 6-3 (Groundball, 6, EV 100.0 MPH)
Batting: RHB John Currin 0-0: Ball
1-0: Foul Ball, location: 2LF
1-1: SINGLE (Line Drive, 56D, EV 100.6 MPH)
Batting: LHB Jim Unknown 0-0: Ball
1-0: Called Strike
1-1: Ground out U3 (Groundball, 23, EV 89.4 MPH)
John Currin to second
Batting: LHB Francisco Castillo 0-0: Called Strike
0-1: Swinging Strike
0-2: Ball
1-2: Ball
2-2: Strikes out swinging
Top of the 3rd over - 0 runs, 1 hit, 0 errors, 1 left on base; Lehigh Valley 0 - Indianapolis 1
BOTTOM OF THE 3RD
Indianapolis Indians batting - Pitching for Lehigh Valley IronPigs : LHP Roberto Arevalo
Batting: RHB Collin Toth 0-0: Called Strike
0-1: Ball
1-1: Ball
2-1: Ball
3-1: TRIPLE (Line Drive, 89XD, EV 103.1 MPH)
Batting: SHB Bob Peterson 0-0: Ball
1-0: Ball
2-0: Ball
3-0: Base on Balls
Batting: LHB Phil Samsa 0-0: Ball
1-0: Called Strike
1-1: Ball
2-1: SINGLE (Line Drive, 8LS, EV 102.5 MPH)
Collin Toth scores
Bob Peterson to second
Batting: RHB Kevin Wallace 0-0: Ball
1-0: Ball
2-0: Fly out, F4 (Popup, 4M, EV 64.4 MPH)
Batting: RHB Mike Mellor 0-0: Called Strike
0-1: Ball
1-1: DOUBLE (Flyball, 89XD, EV 103.1 MPH)
Bob Peterson scores
Phil Samsa to third
Runner from 3rd tries for Home, SAFE, no throw by CF
Batting: LHB Travis Hicks 0-0: Foul Ball, location: 3SF
0-1: Called Strike
0-2: Fly out, F8 (Flyball, 8LM, EV 84.4 MPH)
Batting: RHB Santos Vazquez 0-0: Ball
1-0: Ball
2-0: Swinging Strike
2-1: Ball
3-1: Foul Ball, location: 23F
3-2: Base on Balls
Batting: RHB Carlos Cabal 0-0: Ball
1-0: Fly out, F5 (Popup, 5F, EV 73.1 MPH)
Bottom of the 3rd over - 3 runs, 3 hits, 0 errors, 2 left on base; Lehigh Valley 0 - Indianapolis 4
TOP OF THE 4TH
Lehigh Valley IronPigs batting - Pitching for Indianapolis Indians : RHP Edgar Colorado
Batting: RHB Mike Hadley 0-0: Ball
1-0: Fly out, F5 (Popup, 5S, EV 65.0 MPH)
Batting: RHB Ricardo Ortiz 0-0: Ball
1-0: Foul Ball, location: 2F
1-1: DOUBLE (Line Drive, 3D, EV 108.1 MPH)
Batting: LHB Chris Gaughan 0-0: Swinging Strike
0-1: Ball
1-1: Ball
2-1: Ball
3-1: SINGLE (Groundball, 4MS, EV 60.0 MPH) (infield hit)
Ricardo Ortiz to third
Batting: RHB Dan Blackburn 0-0: Called Strike
0-1: Called Strike
0-2: Strikes out swinging
Batting: LHB Ryan McBride 0-0: Called Strike
0-1: Swinging Strike
0-2: Ball
1-2: Ball
2-2: Strikes out swinging
Top of the 4th over - 0 runs, 2 hits, 0 errors, 2 left on base; Lehigh Valley 0 - Indianapolis 4
BOTTOM OF THE 4TH
Indianapolis Indians batting - Pitching for Lehigh Valley IronPigs : LHP Roberto Arevalo
Batting: RHB Miguel Medina 0-0: Ball
1-0: Called Strike
1-1: Fly out, F8 (Flyball, 89S, EV 96.3 MPH)
Batting: RHB Collin Toth 0-0: Ball
1-0: Ball
2-0: Called Strike
2-1: Fly out, F4 (Line Drive, 4M, EV 62.5 MPH)
Batting: SHB Bob Peterson 0-0: Ball
1-0: Ball
2-0: Ground out 6-3 (Groundball, 6, EV 78.1 MPH)
Bottom of the 4th over - 0 runs, 0 hits, 0 errors, 0 left on base; Lehigh Valley 0 - Indianapolis 4
TOP OF THE 5TH
Lehigh Valley IronPigs batting - Pitching for Indianapolis Indians : RHP Edgar Colorado
Batting: RHB Jiao-long Xue 0-0: Called Strike
0-1: Called Strike
0-2: Ball
1-2: Ball
2-2: Foul Ball, location: 2F
2-2: Strikes out swinging
Batting: RHB John Currin 0-0: Swinging Strike
0-1: Ball
1-1: Foul Ball, location: 3FF
1-2: Strikes out looking
Batting: LHB Jim Unknown 0-0: Ball
1-0: Foul Ball, location: 7LMF
1-1: Foul Ball, location: 5F
1-2: Ball
2-2: SOLO HOME RUN (Flyball, 7D, EV 106.3 MPH), Distance : 408 ft
Batting: LHB Francisco Castillo 0-0: Ball
1-0: Called Strike
1-1: Ball
2-1: Ball
3-1: Base on Balls
Batting: RHB Mike Hadley 0-0: Called Strike
Francisco Castillo steals 2nd base
0-1: Called Strike
0-2: Ball
1-2: Ball
2-2: Ball
3-2: Foul Ball, location: 9LMF
3-2: SINGLE (Line Drive, 6D, EV 108.1 MPH)
Francisco Castillo to third
Runner from 3rd tries for Home, SAFE, throw by LF to home
Batting: RHB Ricardo Ortiz 0-0: Foul Ball, location: 25F
0-1: Ball
1-1: Ball
2-1: Swinging Strike
2-2: Ball
3-2: Fly out, F3 (Popup, 23F, EV 91.9 MPH)
Top of the 5th over - 2 runs, 2 hits, 0 errors, 1 left on base; Lehigh Valley 2 - Indianapolis 4
BOTTOM OF THE 5TH
Indianapolis Indians batting - Pitching for Lehigh Valley IronPigs : LHP Roberto Arevalo
Batting: LHB Phil Samsa 0-0: Ball
1-0: Fly out, F7 (Flyball, 7D, EV 106.9 MPH)
Batting: RHB Kevin Wallace 0-0: Called Strike
0-1: Foul Ball, location: 2F
0-2: Ball
1-2: Foul Ball, location: 23F
1-2: Foul Ball, location: 2F
1-2: Foul Ball, location: 5F
1-2: Foul Ball, location: 9LDF
1-2: Foul Ball, location: 25F
1-2: Ball
2-2: Ball
3-2: SINGLE (Groundball, 34D, EV 107.5 MPH)
Batting: RHB Mike Mellor 0-0: Called Strike
0-1: Ball
1-1: Ball
2-1: Fly out, F8 (Flyball, 89D, EV 108.8 MPH)
Batting: LHB Travis Hicks 0-0: Called Strike
0-1: Ball
1-1: Foul Ball, location: 5FF
1-2: Foul Ball, location: 3F
1-2: Ball
2-2: Ball
3-2: Ground out 3-1 (Groundball, 34S, EV 88.8 MPH)
Bottom of the 5th over - 0 runs, 1 hit, 0 errors, 1 left on base; Lehigh Valley 2 - Indianapolis 4
TOP OF THE 6TH
Lehigh Valley IronPigs batting - Pitching for Indianapolis Indians : RHP Edgar Colorado
Pitching: RHP Taurino Ramirez
Batting: LHB Chris Gaughan 0-0: Called Strike
0-1: Called Strike
0-2: Ball
1-2: Foul Ball, location: 3F
1-2: Ball
2-2: Strikes out swinging
Batting: RHB Dan Blackburn 0-0: Ball
1-0: Foul Ball, location: 2F
1-1: Foul Ball, location: 2F
1-2: Ball
2-2: Strikes out swinging
Batting: LHB Ryan McBride 0-0: Ball
1-0: Foul Ball, location: 3F
1-1: Swinging Strike
1-2: Strikes out swinging
Top of the 6th over - 0 runs, 0 hits, 0 errors, 0 left on base; Lehigh Valley 2 - Indianapolis 4
BOTTOM OF THE 6TH
Indianapolis Indians batting - Pitching for Lehigh Valley IronPigs : LHP Roberto Arevalo
Batting: RHB Santos Vazquez 0-0: Ball
1-0: Foul Ball, location: 9LMF
1-1: Ball
2-1: Ball
3-1: Base on Balls
Batting: RHB Carlos Cabal 0-0: Fly out, F9 (Flyball, 9LSF, EV 84.4 MPH)
Batting: RHB Miguel Medina 0-0: Ball
1-0: Foul Ball, location: 2F
1-1: Grounds into double play, 5-4-3 (Groundball, 5L, EV 75.6 MPH)
Bottom of the 6th over - 0 runs, 0 hits, 0 errors, 0 left on base; Lehigh Valley 2 - Indianapolis 4
TOP OF THE 7TH
Lehigh Valley IronPigs batting - Pitching for Indianapolis Indians : RHP Taurino Ramirez
Now at 2B: Santos Vazquez
Now at 3B: Mike Mellor
Now at SS: Jon Velasquez
Now in CF: Andreas Frick
Now in RF: Bob Peterson
Batting: RHB Jiao-long Xue 0-0: Ball
1-0: Swinging Strike
1-1: Ball
2-1: Foul Ball, location: 9LDF
2-2: Strikes out looking
Batting: RHB John Currin 0-0: Foul Ball, location: 3F
0-1: Ground out 4-3 (Groundball, 34D, EV 98.1 MPH)
Batting: LHB Jim Unknown 0-0: Ball
1-0: Ball
2-0: Foul Ball, location: 7LSFF
2-1: Called Strike
2-2: Strikes out looking
Top of the 7th over - 0 runs, 0 hits, 0 errors, 0 left on base; Lehigh Valley 2 - Indianapolis 4
BOTTOM OF THE 7TH
Indianapolis Indians batting - Pitching for Lehigh Valley IronPigs : LHP Roberto Arevalo
Batting: RHB Andreas Frick 0-0: Ball
1-0: Ball
2-0: Called Strike
2-1: Ball
3-1: Swinging Strike
3-2: Foul Ball, location: 5SF
3-2: Foul Ball, location: 25FF
3-2: Ground out 5-3 (Groundball, 56, EV 86.9 MPH)
Batting: SHB Bob Peterson 0-0: Called Strike
0-1: Ball
1-1: SINGLE (Line Drive, 8LS, EV 101.9 MPH)
Batting: LHB Phil Samsa 0-0: Called Strike
0-1: Ball
1-1: Fly out, F9 (Flyball, 89S, EV 86.3 MPH)
Batting: RHB Kevin Wallace 0-0: Ball
1-0: Ball
2-0: Called Strike
2-1: Ball
3-1: Base on Balls
Bob Peterson to second
Pitching: RHP Jeff Lee
Batting: RHB Mike Mellor 0-0: Called Strike
0-1: Foul Ball, location: 9LDF
0-2: Ball
1-2: Strikes out swinging
Bottom of the 7th over - 0 runs, 1 hit, 0 errors, 2 left on base; Lehigh Valley 2 - Indianapolis 4
TOP OF THE 8TH
Lehigh Valley IronPigs batting - Pitching for Indianapolis Indians : RHP Taurino Ramirez
Now in LF: Andreas Frick
Now in CF: Bob Peterson
Now in RF: Carlos Martinez
Batting: LHB Francisco Castillo 0-0: Called Strike
0-1: Fly out, F8 (Flyball, 8RM, EV 93.8 MPH)
Pinch Hitting: SHB Melvin Amezcua 0-0: Foul Ball, location: 2F
0-1: Ball
1-1: Foul Ball, location: 7LDF
1-2: Ball
2-2: SINGLE (Groundball, 4M, EV 88.1 MPH) (infield hit)
Batting: RHB Ricardo Ortiz 0-0: Swinging Strike
0-1: Swinging Strike
0-2: Strikes out looking
Batting: LHB Chris Gaughan 0-0: Ball
1-0: Swinging Strike
1-1: Foul Ball, location: 23FF
1-2: Ball
2-2: Strikes out swinging
Top of the 8th over - 0 runs, 1 hit, 0 errors, 1 left on base; Lehigh Valley 2 - Indianapolis 4
BOTTOM OF THE 8TH
Indianapolis Indians batting - Pitching for Lehigh Valley IronPigs : RHP Jeff Lee
Now at SS: Melvin Amezcua
Batting: SHB Carlos Martinez 0-0: Swinging Strike
0-1: Ball
1-1: Foul Ball, location: 2F
1-2: Ball
2-2: Fly out, F8 (Flyball, 8LM, EV 100.6 MPH)
Batting: RHB Santos Vazquez 0-0: Called Strike
0-1: Foul Ball, location: 2F
0-2: Foul Ball, location: 5SF
0-2: Ball
1-2: Ball
2-2: Foul Ball, location: 2F
2-2: Ball
3-2: Fly out, F9 (Flyball, 9, EV 91.3 MPH)
Batting: RHB Carlos Cabal 0-0: Called Strike
0-1: Swinging Strike
0-2: Ball
1-2: Strikes out swinging
Bottom of the 8th over - 0 runs, 0 hits, 0 errors, 0 left on base; Lehigh Valley 2 - Indianapolis 4
TOP OF THE 9TH
Lehigh Valley IronPigs batting - Pitching for Indianapolis Indians : RHP Taurino Ramirez
Pitching: RHP Ryan Marinis
Batting: RHB Dan Blackburn 0-0: Ball
1-0: Foul Ball, location: 9LMF
1-1: Swinging Strike
1-2: Fly out, F9 (Flyball, 9LS, EV 86.9 MPH)
Batting: LHB Ryan McBride 0-0: Called Strike
0-1: Swinging Strike
0-2: Ball
1-2: Strikes out swinging
Batting: RHB Jiao-long Xue 0-0: Ball
1-0: Swinging Strike
1-1: Foul Ball, location: 7LMF
1-2: Fly out, F9 (Flyball, 9, EV 91.9 MPH)
Top of the 9th over - 0 runs, 0 hits, 0 errors, 0 left on base; Lehigh Valley 2 - Indianapolis 4
Thursday, April 11th , 2024 - OOTP Baseball 24.11 Build 85